 Dungeon Crawl Stone Soup version 0.29.0-4-gdea44cf6ec (webtiles) character file.

Game seed: 5897658065482034724

388 qw the Chopper (level 6, -7/35 HPs)
             Began as a Tengu Warper on Aug 29, 2022.
             Was an Initiate of Okawaru.
             Killed by divine providence
             ... invoked by an orc priest
              (17 damage)
             ... on level 5 of the Dungeon.
             The game lasted 00:01:52 (4920 turns).

qw the Chopper (Tengu Warper)                       Turns: 4920, Time: 00:01:52

Health: -7/35      AC: 16    Str: 13    XL:     6   Next: 79%
Magic:  10/10      EV:  5    Int: 13    God:    Okawaru [......]
Gold:   145        SH:  0    Dex: 14    Spells: 9/9 levels left

rFire   . . .      SeeInvis .   Y - +0 war axe
rCold   . . .      Faith    .   (no shield)
rNeg    . . .      Spirit   .   e - +0 plate armour
rPois   +          Reflect  .   (helmet restricted)
rElec   .          Harm     .   q - +0 cloak
rCorr   .          Rampage  .   (no gloves)
Will    .....                   (boots unavailable)
Stlth   ..........              m - amulet of the acrobat
HPRegen 0.11/turn               n - ring of poison resistance
MPRegen 0.12/turn               j - +4 ring of protection

@: flying quickly and evasively, quick
A: beak, talons 3, nimble flight
a: Renounce Religion


You were on level 5 of the Dungeon.
You worshipped Okawaru.
Okawaru was noncommittal.
You visited 2 branches of the dungeon, and saw 6 of its levels.

You collected 145 gold pieces.


Innate Abilities, Weirdness & Mutations

You have a beak for a mouth.
You have claws for feet.
Your magical nature lets you fly swiftly and evasively.


   Skills:
 + Level 2.3 Fighting
 - Level 7.0 Axes
 - Level 1.0 Throwing
 - Level 3.0 Armour
 - Level 2.1 Dodging
 - Level 2.0 Spellcasting
 - Level 2.4 Translocations


You had 9 spell levels left.
You didn't know any spells.
Your spell library contained the following spells:

 Spells                   Type           Power      Damage    Failure   Level
 Blink                    Tloc           14%        N/A       100%        2
 Gell's Gravitas          Tloc           7%         N/A       100%        3
 Lesser Beckoning         Tloc           7%         N/A       100%        3
 Teleport Other           Tloc           7%         N/A       100%        3
 Manifold Assault         Tloc           7%         N/A       100%        5

Inventory:

Hand Weapons
 k - a +0 flail
 Y - a +0 war axe (weapon)
Missiles
 d - 2 javelins (quivered)
Armour
 e - a +0 plate armour (worn)
 q - a +0 cloak (worn)
Jewellery
 a - a ring of protection from fire
 f - a +6 ring of strength
 j - a +4 ring of protection (right hand)
 m - an amulet of the acrobat (around neck)
 n - a ring of poison resistance (left hand)
Scrolls
 c - 3 scrolls of identify
Potions
 b - a potion of curing
 g - a potion of mutation
 h - 2 potions of heal wounds
 l - a potion of might

Dungeon Overview and Level Annotations

Branches:
Dungeon (5/15)             Temple (1/1) D:4

Altars:
Ashenzari
Cheibriados
Elyvilon
Gozag
Kikubaaqudgha
Makhleb
Nemelex Xobeh
Okawaru
Qazlal
Ru
Trog
Uskayaw
Wu Jian
The Shining One

Shops:
D:3 =


Message History

Enter note:
c - 3 scrolls of identify (gained 1)
Found a stone staircase leading up.
You now have 145 gold pieces (gained 8).
Found a potion of flight.
Found a white marble altar of Elyvilon.
An orc, 2 orc priests and a jelly come into view.
Found a stone staircase leading down.
The orc shouts!
The jelly quivers.
You hear a shout!
An ufetubus comes into view.
Enter note: An orc and a phantom come into view.
The orc shouts!
The orc priest invokes the aid of Beogh against you.
Beogh smites you!
An orc priest comes into view. It is wielding a +0 dagger.
Found a stone staircase leading up.
The orc priest shouts!
You hit the orc priest but do no damage.
Your kick misses the orc priest.
The orc priest casts a cantrip, but nothing happens.
You hit the orc priest but do no damage.
Your punch misses the orc priest. You closely miss the orc priest.
You barely miss the orc.
The orc priest casts a cantrip, but nothing happens.
The orc priest calls down the wrath of Beogh upon you.
Beogh smites you! The orc hits you but does no damage.
The orc priest begins to cast a cantrip, but forgets the words!
The orc hits you but does no damage.
The phantom hits you but does no damage.
The orc priest hits you with a +0 dagger.
You barely miss the orc priest. You claw the orc priest.
You peck the orc priest. Your punch misses the orc priest.
The orc priest is heavily wounded.
You closely miss the phantom. You barely miss the orc.
You slash the orc priest!
The phantom hits you but does no damage.
The orc priest mumbles some strange prayers to Beogh against you.
Beogh smites you!
You die...

....... ....>..
......< .......
....... ..<...#
#####5...... ......#
#...Wo.o.... ......#
##...@oJ.....
......#
###...##oo.....
......# #...###
....... ......#
#.#.# #######
......# #.#.#
......####.#.######
....................
#####.......#.!###..
# #.###.........


You could see a phantom, a jelly, 3 orc priests, 2 orcs and an ufetubus.

Vanquished Creatures
  Blork the orc (D:4)
  Terence (D:3)
  Natasha (thrice) (D:2)
  2 iguanas (D:4)
  An orc wizard (D:4)
  Robin (D:2)
  2 adders (D:2)
  2 dart slugs
  11 orcs
  5 ball pythons
  8 endoplasms
  A giant cockroach (D:4)
  13 goblins
  14 hobgoblins
  8 jackals
  7 kobolds
  3 quokkas
  4 bats
  5 frilled lizards
  8 rats
100 creatures vanquished.

Vanquished Creatures (others)
  3 plants
3 creatures vanquished.

Grand Total: 103 creatures vanquished

Notes
Turn   | Place    | Note
-------+----------+-------------------------------------------
     0 | D:1      | qw the Tengu Warper began the quest for the Orb.
     0 | D:1      | Reached XP level 1. HP: 12/12 MP: 4/4
     0 | D:1      | 0 ||| qw: Version: 0.1-a-89-g26bdef1
     0 | D:1      | 0 ||| qw: Game counter: 3523
     0 | D:1      | 0 ||| qw: Always use a shield: true
     0 | D:1      | 0 ||| qw: God list: Okawaru
     0 | D:1      | 0 ||| qw: Allow faded altars: false
     0 | D:1      | 0 ||| qw: Do Orc after D:15 true
     0 | D:1      | 0 ||| qw: Do second Lair branch before Depths: true
     0 | D:1      | 0 ||| qw: Lair rune preference: random
     0 | D:1      | 0 ||| qw: Plans: Normal
     0 | D:1      | 0 ||| PLANNING D:1-11
   166 | D:1      | Reached skill level 3 in Axes
   166 | D:1      | Reached XP level 2. HP: 11/17 MP: 6/6
   340 | D:1      | 340 ||| Stepping ~*~*~tactically~*~*~ (stealth).
   341 | D:1      | 341 ||| Stepping ~*~*~tactically~*~*~ (stealth).
   350 | D:1      | 350 ||| Stepping ~*~*~tactically~*~*~ (stealth).
   351 | D:1      | 351 ||| Stepping ~*~*~tactically~*~*~ (stealth).
   899 | D:1      | Found a faded altar of an unknown god.
   931 | D:1      | 931 ||| DROPPING ring of magical power.
   932 | D:1      | 932 ||| UPGRADING to ring of poison resistance.
   933 | D:1      | 933 ||| UPGRADING to +6 ring of strength.
   934 | D:1      | 934 ||| READING scroll labelled HIUHUESHRIET.
   935 | D:1      | 935 ||| READING 2 scrolls labelled MOASUGH JUUCSAR.
  1036 | D:1      | 1036 ||| READING scroll labelled GAUWE LAOTUACK.
  1037 | D:1      | 1037 ||| READING scroll labelled KIAFALI SEIRGH.
  1038 | D:1      | 1038 ||| READING scroll labelled IWANNY GETOH.
  1042 | D:1      | 1042 ||| READING scroll labelled ECIWEA NOQUEMU.
  1042 | D:1      | Identified a scroll of acquirement
  1042 | D:1      | 1042 ||| ACQUIRING ring of protection from fire
  1042 | D:1      | Acquired a ring of protection from fire
  1044 | D:1      | 1044 ||| DRINKING 2 coppery potions.
  1045 | D:1      | 1045 ||| DROPPING scroll of blinking.
  1046 | D:1      | 1046 ||| DROPPING potion of attraction.
  1047 | D:1      | 1047 ||| DROPPING scroll of silence.
  1119 | D:2      | Reached XP level 3. HP: 21/21 MP: 7/7
  1228 | D:2      | 1228 ||| Stepping ~*~*~tactically~*~*~ (stealth).
  1233 | D:2      | 1233 ||| Stepping ~*~*~tactically~*~*~ (stealth).
  1235 | D:2      | 1235 ||| Stepping ~*~*~tactically~*~*~ (stealth).
  1237 | D:2      | Noticed Robin
  1238 | D:2      | 1238 ||| Stepping ~*~*~tactically~*~*~ (hiding).
  1243 | D:2      | 1243 ||| Stepping ~*~*~tactically~*~*~ (stealth).
  1251 | D:2      | Reached skill level 4 in Axes
  1252 | D:2      | Killed Robin
  1269 | D:2      | HP: 5/21 [goblin/+0 club[Robin] (2)]
  1273 | D:2      | 1273 ||| FLEEEEING.
  1274 | D:2      | 1274 ||| FLEEEEING.
  1280 | D:2      | 1280 ||| FLEEEEING.
  1281 | D:2      | 1281 ||| FLEEEEING.
  1282 | D:2      | 1282 ||| FLEEEEING.
  1283 | D:2      | 1283 ||| FLEEEEING.
  1284 | D:2      | 1284 ||| FLEEEEING.
  1285 | D:2      | 1285 ||| FLEEEEING.
  1286 | D:2      | 1286 ||| FLEEEEING.
  1287 | D:2      | 1287 ||| FLEEEEING.
  1291 | D:2      | 1291 ||| FLEEEEING.
  1292 | D:2      | 1292 ||| FLEEEEING.
  1293 | D:2      | 1293 ||| FLEEEEING.
  1295 | D:2      | 1295 ||| FLEEEEING.
  1297 | D:2      | 1297 ||| FLEEEEING.
  1298 | D:2      | 1298 ||| FLEEEEING.
  1299 | D:2      | 1299 ||| FLEEEEING.
  1300 | D:2      | 1300 ||| FLEEEEING.
  1301 | D:2      | 1301 ||| FLEEEEING.
  1303 | D:2      | 1303 ||| FLEEEEING.
  1304 | D:2      | 1304 ||| FLEEEEING.
  1305 | D:2      | 1305 ||| FLEEEEING.
  1306 | D:2      | 1306 ||| FLEEEEING.
  1307 | D:2      | 1307 ||| FLEEEEING.
  1308 | D:2      | 1308 ||| STAIRDANCE
  1666 | D:2      | 1666 ||| Stepping ~*~*~tactically~*~*~ (stealth).
  1687 | D:2      | Reached XP level 4. HP: 17/26 MP: 8/8
  1920 | D:2      | 1920 ||| Stepping ~*~*~tactically~*~*~ (stealth).
  1922 | D:2      | Noticed Natasha
  1923 | D:2      | 1923 ||| Stepping ~*~*~tactically~*~*~ (stealth).
  1925 | D:2      | 1925 ||| Stepping ~*~*~tactically~*~*~ (hiding).
  1935 | D:2      | Killed Natasha
  1936 | D:2      | Reached skill level 5 in Axes
  2104 | D:2      | Noticed Natasha
  2113 | D:2      | Killed Natasha
  2114 | D:2      | Gained mutation: Your magical nature lets you fly swiftly
                  | and evasively. [Tengu growth]
  2114 | D:2      | Reached XP level 5. HP: 21/30 MP: 9/9
  2356 | D:2      | 2356 ||| Stepping ~*~*~tactically~*~*~ (stealth).
  2357 | D:2      | 2357 ||| Stepping ~*~*~tactically~*~*~ (stealth).
  2443 | D:2      | 2443 ||| DROPPING +0 mace of protection.
  2500 | D:2      | Noticed Natasha
  2507 | D:2      | HP: 4/30 [white imp/puff of frost[Natasha] (9)]
  2508 | D:2      | Killed Natasha
  2509 | D:2      | Reached skill level 6 in Axes
  2898 | D:2      | 2898 ||| UPGRADING to +0 plate armour.
  2908 | D:2      | 2908 ||| DROPPING +0 leather armour.
  2909 | D:2      | 2909 ||| UPGRADING to amulet of the acrobat.
  2914 | D:2      | 2914 ||| READING scroll labelled RARAPISTOPI.
  2915 | D:2      | 2915 ||| READING scroll labelled SEUFAI NUXAIME.
  2916 | D:2      | 2916 ||| DRINKING 2 amethyst potions.
  3017 | D:2      | 3017 ||| READING 3 scrolls of identify.
  3017 | D:2      | 3017 ||| IDENTIFYING inky potion
  3018 | D:2      | 3018 ||| READING 2 scrolls of identify.
  3018 | D:2      | 3018 ||| IDENTIFYING fuming red potion
  3019 | D:2      | 3019 ||| DROPPING potion of ambrosia.
  3504 | D:3      | 3504 ||| SWAPPING to +0 war axe.
  3505 | D:3      | 3505 ||| DROPPING +1 hand axe.
  3544 | D:3      | Noticed Terence
  3557 | D:3      | Killed Terence
  3755 | D:3      | Found Qair Fuu's Jewellery Shop.
  3763 | D:3      | 3763 ||| SHOPLISTING ring "Eweywisu" {Fly rF+ rC+ Will++}
                  | (577 gold, have 93).
  3763 | D:3      | 3763 ||| SHOPLISTING ring of fire (275 gold, have 93).
  3763 | D:3      | 3763 ||| SHOPLISTING ring of poison resistance (220 gold,
                  | have 93).
  3763 | D:3      | 3763 ||| SHOPLISTING ring of protection from fire (275
                  | gold, have 93).
  3820 | D:3      | 3820 ||| Stepping ~*~*~tactically~*~*~ (stealth).
  3821 | D:3      | 3821 ||| Stepping ~*~*~tactically~*~*~ (stealth).
  3904 | D:3      | 3904 ||| UPGRADING to +0 cloak.
  3909 | D:3      | 3909 ||| UPGRADING to +4 ring of protection.
  3911 | D:3      | 3911 ||| READING scroll labelled RUTOOK JOTOI.
  3912 | D:3      | 3912 ||| DRINKING 2 fuming coppery potions.
  3913 | D:3      | 3913 ||| READING 3 scrolls of identify.
  3913 | D:3      | 3913 ||| IDENTIFYING fizzy clear potion
  3914 | D:3      | 3914 ||| READING 2 scrolls of identify.
  3914 | D:3      | 3914 ||| IDENTIFYING sapphire potion
  3915 | D:3      | 3915 ||| DROPPING potion of flight.
  4033 | D:4      | Reached skill level 3 in Armour
  4033 | D:4      | Reached XP level 6. HP: 35/35 MP: 10/10
  4081 | D:4      | Noticed Blork the orc
  4082 | D:4      | 4082 ||| Stepping ~*~*~tactically~*~*~ (hiding).
  4093 | D:4      | Killed Blork the orc
  4297 | D:4      | 4297 ||| Stepping ~*~*~tactically~*~*~ (stealth).
  4298 | D:4      | 4298 ||| Stepping ~*~*~tactically~*~*~ (stealth).
  4341 | D:4      | 4341 ||| Stepping ~*~*~tactically~*~*~ (stealth).
  4356 | D:4      | Reached skill level 7 in Axes
  4579 | D:4      | Found a staircase to the Ecumenical Temple.
  4580 | D:4      | 4580 ||| PLANNING TEMPLE
  4583 | D:4      | 4583 ||| DROPPING +6 ring of intelligence.
  4584 | D:4      | 4584 ||| READING scroll labelled CYBUECK JIOM.
  4585 | D:4      | 4585 ||| READING 3 scrolls of identify.
  4585 | D:4      | 4585 ||| IDENTIFYING white potion
  4586 | D:4      | 4586 ||| DROPPING potion of magic.
  4594 | Temple   | Entered the Ecumenical Temple
  4607 | Temple   | Became a worshipper of Warmaster Okawaru
  4629 | Temple   | 4629 ||| PLANNING D:1-11
  4733 | D:4      | 4733 ||| Stepping ~*~*~tactically~*~*~ (stealth).
  4735 | D:4      | 4735 ||| Stepping ~*~*~tactically~*~*~ (hiding).
  4891 | D:5      | Entered Level 5 of the Dungeon
  4902 | D:5      | Found a white marble altar of Elyvilon.
  4920 | D:5      | Killed from afar by an orc priest

Levels and vault maps discovered:
D:1:      zaba_arrival_water, layout_loops_cross,
          shapermc_ecumenical_altar_mp_vishouse
D:2:      layout_basic, uniq_natasha, uniq_robin
D:3:      layout_loops_ring, serial_shops, nicolae_square_shop, serial_rivers,
          chequers_serial_rivers_small_a, chequers_serial_rivers_room_b,
          chequers_serial_rivers_large_a, chequers_serial_rivers_small_a,
          serial_bayou_crossing, uniq_terence
D:4:      corexii_shack_village, layout_loops_ring,
          minmay_temple_entry_metal_lava, kennysheep_generic_room_10,
          uniq_blork_the_orc
D:5:      layout_rooms, mainiacjoe_overflow_concentric_impassable
Temple:   nicolae_temple_ecumenical_triangle

Skill      XL: |  1  2  3  4  5  6 |
---------------+-------------------+-----
Axes           | 3 4 5 6 7 |  7.0
Armour         | 3 |  3.0
Fighting       | |  2.3
Throwing       | |  1.0
Dodging        | |  2.1
Spellcasting   | |  2.0
Translocations | |  2.4

Action                   |  1- 3 |  4- 6 || total
-------------------------+-------+-------++-------
Melee: Hand axe          |    87 |    53 ||   140
       Kick              |    13 |    34 ||    47
       Punch             |     2 |     1 ||     3
       Peck              |    12 |    24 ||    36
       War axe           |       |    86 ||    86
Throw: Boomerang         |     7 |       ||     7
       Javelin           |       |     6 ||     6
  Use: Scroll            |     6 |     9 ||    15
       Potion            |     1 |     2 ||     3
Armor: Leather armour    |    19 |     1 ||    20
       Plate armour      |       |    50 ||    50
Dodge: Dodged            |    57 |    61 ||   118

Table legend:
 A = Non-vault XP
 B = Vault XP
 C = Vault XP percentage of total XP
 D = Non-vault monster count
 E = Vault monster count
 F = Vault count percentage of total count
                 A         B        C        D         E       F
            +---------+---------+-------+---------+---------+-------
      Total |     329 |     226 |  40.7 |      73 |      27 |  27.0
            +---------+---------+-------+---------+---------+-------
        D:1 |      31 |       0 |   0.0 |      20 |       0 |   0.0
        D:2 |     122 |      71 |  36.8 |      19 |      13 |  40.6
        D:3 |      28 |      36 |  56.2 |      15 |       1 |   6.2
        D:4 |     148 |     119 |  44.6 |      19 |      13 |  40.6
            +---------+---------+-------+---------+---------+-------
